 Dungeon Crawl Stone Soup version 0.30-a0-1160-g6e42c06551 (webtiles) character file.

Game seed: 1539984804170100755

56 BubbleThief the Gusty (level 3, -3/19 HPs)
             Began as a Tengu Air Elementalist on Apr 25, 2023.
             Slain by Crazy Yiuf
             ... wielding a +4 quarterstaff of chaos
              (5 damage)
             ... on level 2 of the Dungeon.
             The game lasted 00:03:18 (2084 turns).

BubbleThief the Gusty (Tengu Air Elementalist)      Turns: 2084, Time: 00:03:19

Health: -3/19      AC:  3    Str:  8    XL:     3   Next: 97%
Magic:  4/7        EV: 12    Int: 17    God:
Gold:   113        SH:  0    Dex: 14    Spells: 3/6 levels left

rFire   . . .        h - +0 dagger
rCold   . . .        (no shield)
rNeg    . . .        a - +0 robe
rPois   .            (helmet restricted)
rElec   .            (no cloak)
rCorr   .            t - +0 pair of gloves
SInv    .            (boots unavailable)
Will    .....        (no amulet)
Stlth   ++           (no ring)
HPRegen 0.23/turn    (no ring)
MPRegen 0.10/turn

%: no passive effects
@: lethally poisoned (-3 -> -10)
A: beak, talons 3
a: no special abilities


You were on level 2 of the Dungeon.
You visited 1 branch of the dungeon, and saw 2 of its levels.

You collected 113 gold pieces.

Inventory:

Hand Weapons
 h - a +0 dagger (weapon)
Armour
 a - a +0 robe (worn)
 t - a +0 pair of gloves (worn)
Scrolls
 c - a scroll of enchant armour {unknown}
 d - a scroll of teleportation {unknown}
 e - a scroll of immolation {unknown}
 i - a scroll of noise {unknown}
 k - a scroll of blinking {unknown}
 m - 4 scrolls of identify {unknown}
 n - a scroll of fog {unknown}
 q - a scroll of silence {unknown}
 r - a scroll of poison {unknown}
Potions
 b - 2 potions of magic
 f - a potion of mutation {unknown}
 g - 3 potions of curing {unknown}
 j - a potion of invisibility {unknown}
 l - a potion of might {unknown}
 o - 2 potions of flight {unknown}
 p - a potion of heal wounds {unknown}
 s - a potion of lignification {unknown}


   Skills:
 - Level 2.1 Dodging
 - Level 2.0 Stealth
 - Level 2.0 Spellcasting
 * Level 4.1 Conjurations
 + Level 4.8 Air Magic


You had 3 spell levels left.
You knew the following spells:

 Your Spells              Type           Power      Damage    Failure   Level
a - Shock                 Conj/Air       68%        1d7       3%          1
b - Static Discharge      Conj/Air       34%        2-4/arc   4%          2

Your spell library contained the following spells:

 Spells                   Type           Power      Damage    Failure   Level
 Swiftness                Air            18%        N/A       8%          3
 Call Canine Familiar     Summ           1%         N/A       50%         3
 Portal Projectile        Hex/Tloc       2%         N/A       50%         3
 Airstrike                Air            9%         2d(2-18)  26%         4
 Leda's Liquefaction      Hex/Erth       0%         N/A       88%         4


Dungeon Overview and Level Annotations

Branches:
Dungeon (2/15)

Altars:

Annotations:
D:2 Crazy Yiuf


Innate Abilities, Weirdness & Mutations

You have a beak for a mouth.
You have claws for feet.


Message History

You kill the hobgoblin!
Unknown command.
You see here a hobgoblin corpse.
You see here a hobgoblin corpse.
There is a stone staircase leading up here.
There is an open door here.
There is an open door here.
You see here a bat skeleton.
There is an open door here.
You see here a bat skeleton.
There is an open door here.
There is an open door here.
There is an open door here.
You see here a +0 hammer.
Found a hammer.
Found a runed translucent door.
Crazy Yiuf shouts!
You open the door.
Aiming: Shock (safe; 3% risk of failure)
Press: ? - help, Q - select action, (/) - cycle Shift-Dir - straight line The zap hits Crazy Yiuf.
Crazy Yiuf is lightly wounded.
Crazy Yiuf hits you with a +4 quarterstaff of chaos!
Ouch! That really hurt!
You are lethally poisoned!
Unknown command.
Aiming: Shock (safe; 3% risk of failure)
Press: ? - help, Q - select action, (/) - cycle Shift-Dir - straight line The zap hits Crazy Yiuf.
Crazy Yiuf is moderately wounded.
* * * LOW HITPOINT WARNING * * *
You feel very sick. Crazy Yiuf barely misses you.
Unknown command.
Aiming: Shock (safe; 3% risk of failure)
Press: ? - help, Q - select action, (/) - cycle Shift-Dir - straight line The zap hits Crazy Yiuf.
Crazy Yiuf is moderately wounded.
* * * LOW HITPOINT WARNING * * *
You feel very sick.
Crazy Yiuf hits you with a +4 quarterstaff of chaos.
You die...

#.###.##.#
#.####.#.......
#.# ######
####.....######
#†### ###.#.#
#...# #####
#.....# #####
#..)# ###.###
#...# #.# ...
###.# #g# #.#.#
##### ##@#
#.#.# ....#
#.## #.#.#
###.# ##.#
#.#.## ....#
#.## #....##
##..# ##.##
#.....######
##..# #...##
#......(....
....## #....#
#.#.########
##...# #.)..#
#.#.# ###.#
######..###
###.#


You could see Crazy Yiuf.

Vanquished Creatures
  An adder (D:2)
  A dart slug (D:1)
  3 bats
  6 endoplasms
  A giant cockroach (D:1)
  7 goblins
  3 hobgoblins
  2 jackals (D:2)
  4 kobolds
  A quokka (D:1)
  4 ball pythons
  3 frilled lizards
  5 rats
41 creatures vanquished.

Vanquished Creatures (others)
  2 plants (D:1)
2 creatures vanquished.

Grand Total: 43 creatures vanquished

Notes
Turn   | Place    | Note
-------+----------+-------------------------------------------
     0 | D:1      | BubbleThief the Tengu Air Elementalist began the quest for
                  | the Orb.
     0 | D:1      | Reached XP level 1. HP: 10/10 MP: 4/4
    88 | D:1      | Reached XP level 2. HP: 15/15 MP: 1/6
   454 | D:1      | Reached XP level 3. HP: 19/19 MP: 1/7
   677 | D:1      | Found a faded altar of an unknown god.
  1725 | D:2      | Learned a level 2 spell: Static Discharge
  2077 | D:2      | Found a runed translucent door.
  2078 | D:2      | Noticed Crazy Yiuf
  2084 | D:2      | Slain by Crazy Yiuf

Illustrated notes

Levels and vault maps discovered:
D:1:      giann_bridges, layout_rooms, ebering_ecumenical_altar_abandoned
D:2:      layout_loops_corners, hangedman_decor_points,
          kennysheep_generic_room_14, uniq_crazy_yiuf_cottage

Skill      XL: |  1  2  3 |
---------------+----------+-----
Conjurations   | 2 3 4 |  4.1
Dodging        | |  2.1
Stealth        | |  2.0
Spellcasting   | |  2.0
Air Magic      | |  4.8

Action                     || total
---------------------------++-------
  Melee: Dagger            ||     5
         Kick              ||     2
   Cast: Shock             ||    76
 Armour: Robe              ||     8
  Dodge: Dodged            ||    13

Table legend: (Time is in decaauts)
 A = Elapsed time spent in this place.
 B = Non-inter-level travel time spent in this place.
 C = Inter-level travel time spent in this place.
 D = Time resting spent in this place.
 E = Time spent auto-exploring this place.
 F = Levels seen in this place.
 G = Mean time per level.
                   A        B        C        D        E       F      G
               +--------+--------+--------+--------+--------+-----+--------+
         Total |   2083 |   2050 |     33 |      0 |   1830 |   2 | 1041.5 |
       Dungeon |   2083 |   2050 |     33 |      0 |   1830 |   2 | 1041.5 |
               +--------+--------+--------+--------+--------+-----+--------+

Top non-repeatable levels by time:
     D:2: 1148 daAuts
     D:1: 934 daAuts
